cohdb
Replays
Latest Replays
All Replays
Popular Replays
Top Player Replays
Match Explorer
How It Works
Community
CoH3 Stats
Reddit
Sign in to upload your games and track your stats! →
Sign in with Steam
Match 41094693
Unlisted
Match 41094693
Overview
Messages
Build Orders
End
Construct Infanterie Kompanie
Selects Italian Coastal Battlegroup
Selects Coastal Reserves
Coastal Reserve
MG 42 Machine Gun Team
GrW 34 Mortar Team
MG 42 Bunker
Coastal Reserve
Medical Bunker
MG 42 Bunker
Selects Support Bunkers
Construct Panzergrenadier Kompanie
Selects Artillery Officer
Artillery Officer
Support Elements
Nebelwerfer 42 Rocket Launcher Team
StuG III G Assault Gun
Selects Rapid Fortifications
MG 42 Bunker
Anti-tank Bunker
Pioneer Squad
Construct Panzer Kompanie
Selects Obice da 210/22 Artillery Emplacement
Coastal Reserve
Panzer IV Medium Tank
Selects Bulwark
N-JoyY
Elbehiri
KHALIFA-MHR
MEZO
Jopjahh
FreeMaxD
OceanGrown
TweedeHans
0
0
Comments
sign in to comment!
No comments posted yet!